 Dungeon Crawl Stone Soup version 0.30-a0-360-g447f08457e (webtiles) character file.

Game seed: 2213654786418503271

277 Conn the Sneak (level 6, -1/37 HPs)
             Began as an Octopode Fire Elementalist on Nov 13, 2022.
             Succumbed to an adder's poison
             ... on level 5 of the Dungeon.
             The game lasted 00:11:23 (3019 turns).

Conn the Sneak (Octopode Fire Elementalist)         Turns: 3019, Time: 00:11:24

Health: -1/37      AC:  1    Str:  8    XL:     6   Next: 25%
Magic:  1/10       EV: 13    Int: 19    God:
Gold:   180        SH:  0    Dex: 12    Spells: 2/11 levels left

rFire   . . .      SeeInvis .    a - staff of conjuration
rCold   . . .      Faith    .    (no shield)
rNeg    . . .      Spirit   .    (helmet restricted)
rPois   .          Reflect  .    (no amulet)
rElec   .          Harm     .    (no ring)
rCorr   .          Rampage  .    (no ring)
Will    .....                    (no ring)
Stlth   +++.......               (no ring)
HPRegen 0.26/turn                (no ring)
MPRegen 0.12/turn                (no ring)
                                 (no ring)
                                 (no ring)

@: lethally poisoned (-1 -> -4)
A: almost no armour, amphibious, 8 rings, camouflage 1, gelatinous body 1,
(nimble swimmer 1), tentacles
a: no special abilities


You were on level 5 of the Dungeon.
You visited 1 branch of the dungeon, and saw 5 of its levels.

You collected 180 gold pieces.

Inventory:

Hand Weapons
 c - a +0 dagger
Magical Staves
 a - a staff of conjuration (weapon)
Scrolls
 b - a scroll of teleportation
 i - a scroll of identify
Potions
 k - a potion of brilliance


   Skills:
 + Level 0.5 Fighting
 + Level 0.6 Short Blades
 + Level 2.5 Dodging
 + Level 4.3 Stealth
 * Level 3.1 Spellcasting
 * Level 2.1 Conjurations
 * Level 1.5 Translocations
 + Level 4.0 Fire Magic
 * Level 1.4 Air Magic


You had 2 spell levels left.
You knew the following spells:

 Your Spells              Type           Power      Damage    Failure   Level
a - Foxfire               Conj/Fire      88%        2x1d8     4%          1
b - Kindle Blastsparks    Fire/Tloc/Air  22%        2d11      17%         3
c - Inner Flame           Hex/Fire       10%        N/A       21%         3
e - Scorch                Fire           36%        2d7       4%          2

Your spell library contained the following spells:

 Spells                   Type           Power      Damage    Failure   Level
 Sandblast                Erth           6%         2d5       16%         1
 Slow                     Hex            12%        N/A       16%         1
 Passwall                 Tmut/Erth      2%         N/A       22%         2
 Sublimation of Blood     Necr           3%         N/A       22%         2
 Wereblood                Tmut           3%         N/A       22%         2
 Gell's Gravitas          Tloc           8%         N/A       24%         3
 Lesser Beckoning         Tloc           16%        N/A       24%         3
 Teleport Other           Tloc           8%         N/A       24%         3
 Stone Arrow              Conj/Erth      20%        3d8       28%         3
 Flame Wave               Conj/Fire      22%        2d8       38%         4
 Confusing Touch          Hex            3%         N/A       41%         3
 Vampiric Draining        Necr           3%         2d6       41%         3
 Summon Lightning Spire   Summ/Air       5%         N/A       75%         4
 Storm Form               Tmut/Air       2%         N/A       100%        7
 Summon Hydra             Summ           1%         N/A       100%        7
 Maxwell's Capacitive Co  Air            4%         ∞         100%        8


Dungeon Overview and Level Annotations

Branches:
Dungeon (5/15)
 Temple: D:4-7

Altars:
Vehumet
Wu Jian

Annotations:
D:4 Edmund; oneeeeegina's ghost, amateur DjNe


Innate Abilities, Weirdness & Mutations

You cannot wear most types of armour.
You are amphibious.
You can wear up to eight rings at the same time.
Your skin changes colour to match your surroundings (Stealth+).
Your rubbery body absorbs attacks. (AC +1, EV +1)
((You are camouflaged when in or above water. (Stealth+)))
You have tentacles for arms and can constrict up to eight enemies at once.


Message History

Oneeeeegina's ghost hits you.
* * * LOW HITPOINT WARNING * * *
Oneeeeegina's ghost attacks as you move away!
Oneeeeegina's ghost closely misses you.
Your surroundings suddenly seem different.
A hobgoblin comes into view.
There is an escape hatch in the floor here.
You slide downwards.
The hatch slams shut behind you.
Found a robe and a scroll labelled CEMIYR ZIANKOO.
The adder bites you.
* * * LOW HITPOINT WARNING * * *
Okay, then.
Unknown command.
Unknown command.
Okay, then.
Unknown command.
Unknown command.
Casting: Foxfire (safe; 4% risk of failure)
Confirm with . or Enter, or press ? or * to list all spells.
Flames lash the scorpion.
The scorpion is severely wounded.
The scorpion's fire resistance burns away.
The adder bites you but does no damage. The adder barely misses you.
Casting: Scorch (safe; 4% risk of failure)
Confirm with . or Enter, or press ? or * to list all spells.
Flames lash the adder.
The adder is severely wounded.
The adder's fire resistance burns away.
The adder bites you.
* * * LOW HITPOINT WARNING * * *
You are lethally poisoned!
The adder poisons you! The scorpion barely misses you.
Okay, then.
Okay, then.
Unknown command.
Casting: Scorch (safe; 4% risk of failure)
Confirm with . or Enter, or press ? or * to list all spells.
You don't have enough magic to cast this spell.
You hit the adder but do no damage. Your grab misses the adder.
The adder is severely wounded.
You die...

#. ### #. ##
..... .#
#..#.#.#####
#..........
........
#.#[#..# #
#...Ss.# #
#####@## #
#.# # ..#
### ...# ...
...?# ...
.....# ...
#.....# ###
#######


You could see a scorpion (combustible) and an adder (combustible).

Vanquished Creatures
  An orc priest (D:3)
  2 hounds (D:3)
  Robin (D:4)
  A gnoll (D:3)
  7 adders
  4 worms
  4 dart slugs
  4 orcs
  4 endoplasms
  3 giant cockroaches
  8 hobgoblins
  3 jackals (D:1)
  2 kobolds (D:2)
  A quokka (D:1)
  3 ball pythons
  7 bats
  19 goblins
  6 rats
80 creatures vanquished.

Vanquished Creatures (collateral kills)
  3 foxfires (D:3)
3 creatures vanquished.

Vanquished Creatures (others)
  182 foxfires
182 creatures vanquished.

Grand Total: 265 creatures vanquished

Notes
Turn   | Place    | Note
-------+----------+-------------------------------------------
     0 | D:1      | Conn the Octopode Fire Elementalist began the quest for the
                  | Orb.
     0 | D:1      | Reached XP level 1. HP: 11/11 MP: 3/3
   367 | D:1      | Reached XP level 2. HP: 13/17 MP: 1/5
   949 | D:2      | Reached XP level 3. HP: 21/21 MP: 6/6
  1065 | D:1      | Learned a level 2 spell: Scorch
  1069 | D:1      | Learned a level 3 spell: Kindle Blastsparks
  1236 | D:2      | Reached XP level 4. HP: 27/27 MP: 1/7
  2006 | D:3      | Found a radiant altar of Vehumet.
  2149 | D:3      | Reached skill level 1 in Translocations
  2149 | D:3      | Reached XP level 5. HP: 32/32 MP: 1/9
  2458 | D:3      | Found an ornate altar of the Wu Jian Council.
  2469 | D:3      | Found a faded altar of an unknown god.
  2491 | D:3      | Learned a level 3 spell: Inner Flame
  2545 | D:3      | Reached skill level 1 in Air Magic
  2548 | D:3      | Reached XP level 6. HP: 15/37 MP: 0/10
  2745 | D:4      | Found a runed translucent door.
  2751 | D:4      | Noticed oneeeeegina's ghost (amateur DjNe)
  2805 | D:4      | Noticed Edmund
  2951 | D:4      | Noticed Robin
  2963 | D:4      | Killed Robin
  2980 | D:5      | Entered Level 5 of the Dungeon
  3018 | D:5      | HP: 1/37 [adder (2)]
  3019 | D:5      | Succumbed to an adder's poison

Illustrated notes

Levels and vault maps discovered:
D:1:      minmay_arrival_three_doors, layout_basic, skrybe_limestone_x,
          corexii_item_surrounded_by_moat
D:2:      layout_basic, minmay_strange_pillars, minmay_fractal_squares_5
D:3:      layout_rooms, mainiacjoe_overflow_alcove_2, overflow_temple_1_default,
          chequers_ecumenical_altar_simple, hex_intersection,
          cheibrodos_gnoll_hut
D:4:      layout_gridville, nzn_hepliaklqana_mist_gate, ebering_ghost_sewer_d,
          portal_sewer_entry_b, uniq_edmund, uniq_robin
D:5:      layout_loops_cross, serial_shops, nicolae_stop_n_shop_2

Skill      XL: |  1  2  3  4  5  6 |
---------------+-------------------+-----
Stealth        | 3 4 |  4.3
Translocations | 1 |  1.5
Conjurations   | 2 |  2.1
Spellcasting   | 3 |  3.1
Air Magic      | 1 |  1.4
Fire Magic     | 4 |  4.0
Fighting       | |  0.5
Short Blades   | |  0.6
Dodging        | |  2.5

Action                   |  1- 3 |  4- 6 || total
-------------------------+-------+-------++-------
Melee: Unarmed           |     8 |       ||     8
       Dagger            |    22 |    36 ||    58
       Constrict         |     6 |    10 ||    16
       Tentacles         |     3 |    12 ||    15
       Punch             |       |     1 ||     1
       Staff             |       |     6 ||     6
 Cast: Foxfire           |    33 |    75 ||   108
       Scorch            |     4 |     5 ||     9
  Use: Potion            |     1 |     3 ||     4
       Scroll            |       |    10 ||    10
 Stab: Sleeping          |     7 |     6 ||    13
Armor: Skin              |     3 |     7 ||    10
Dodge: Dodged            |    39 |    55 ||    94

Table legend: (Time is in decaauts)
 A = Elapsed time spent in this place.
 B = Non-inter-level travel time spent in this place.
 C = Inter-level travel time spent in this place.
 D = Time resting spent in this place.
 E = Time spent auto-exploring this place.
 F = Levels seen in this place.
 G = Mean time per level.
                   A        B        C        D        E       F      G
               +--------+--------+--------+--------+--------+-----+--------+
         Total |   3020 |   2946 |     74 |     43 |   1949 |   5 |  604.0 |
       Dungeon |   3020 |   2946 |     74 |     43 |   1949 |   5 |  604.0 |
               +--------+--------+--------+--------+--------+-----+--------+

Top non-repeatable levels by time:
     D:1: 1060 daAuts
     D:3: 968 daAuts
     D:2: 792 daAuts
     D:4: 187 daAuts
     D:5: 11 daAuts
